 Dungeon Crawl Stone Soup version 0.23-a0-622-g59b4ea9 (webtiles) character file.

13 Lavandula the Sneak (level 2, -5/17 HPs)
             Began as a Halfling Enchanter on Dec 23, 2018.
             Killed by nerve-wracking pain
             ... invoked by Jessica
              (9 damage)
             ... on level 2 of the Dungeon.
             The game lasted 00:02:27 (913 turns).

Lavandula the Sneak (Halfling Enchanter)             Turns: 913, Time: 00:02:28

Health: -5/17      AC:  2    Str:  9    XL:     2   Next: 50%
Magic:  1/4        EV: 15    Int: 13    God:
Gold:   12         SH:  0    Dex: 14    Spells: 1/4 levels left

rFire    + . .     SeeInvis .   a - +1 dagger
rCold    x . .     Gourm    .   (shield restricted)
rNeg     . . .     Faith    .   b - +0 robe
rPois    .         Spirit   .   (no helmet)
rElec    .         Reflect  .   (no cloak)
rCorr    .         Harm     .   (no gloves)
MR       .....                  (no boots)
Stlth    ++........             (no amulet)
HPRegen  0.05/turn              c - ring of fire
MPRegen  0.09/turn              (no ring)

@: no status effects
A: small, mutation resistance 1
a: no special abilities


You were on level 2 of the Dungeon.
You were hungry.

You visited 1 branch of the dungeon, and saw 2 of its levels.

You collected 12 gold pieces.

Inventory:

Hand Weapons
 a - a +1 dagger (weapon)
Missiles
 f - 6 tomahawks (quivered)
Armour
 b - a +0 robe (worn)
Jewellery
 c - a ring of fire (left hand)
Scrolls
 e - 2 scrolls of identify {unknown}
Comestibles
 d - a ration


   Skills:
 + Level 2.9 Short Blades
 - Level 2.1 Dodging
 - Level 3.2 Stealth
 - Level 1.5 Spellcasting
 - Level 2.4 Hexes


You had one spell level left.
You knew the following spells:

 Your Spells              Type           Power        Failure   Level  Hunger
a - Corona                Hex            #......      10%         1    ##.....
b - Ensorcelled Hibernat  Hex/Ice        #.....       24%         2    ###....

Your spell library contained the following spells:

 Spells                   Type           Power        Failure   Level  Hunger
 Confuse                  Hex            #.......     30%         3    ####...
 Tukima's Dance           Hex            #.......     30%         3    ####...
 Dazzling Spray           Conj/Hex       #.....       43%         3    ####...


Dungeon Overview and Level Annotations

Branches:
Dungeon (2/15)

Altars:

Annotations:
D:2 Jessica


Innate Abilities, Weirdness & Mutations

You are small and have problems with some larger weapons.
You are somewhat resistant to further mutation.


Message History

Press: ? - help, Shift-Dir - straight line, f - Jessica
Aim: Jessica, wearing a +0 robe (fast, chance to defeat MR: 45%) Jessica resists with some effort.
Casting: Ensorcelled Hibernation (safe; 24% risk of failure)
Confirm with . or Enter, or press ? or * to list all spells.
You don't have enough magic to cast that spell.
Unknown command.
Unknown command.
You closely miss Jessica. Jessica closely misses you. Jessica hits you.
You hit Jessica but do no damage. Jessica closely misses you.
You barely miss Jessica.
Jessica mumbles some strange words.
Jessica blinks!
Jessica gestures wildly while chanting.
Jessica blinks!
Jessica hits you.
* * * LOW HITPOINT WARNING * * *
Jessica points at you and mumbles some strange words.
Pain shoots through your body!
Ouch! That really hurt!
You die...

....#.###.#.#.# ## #.#
#.# . .. #.# #.#.#.###.
.##. #.# #.#.#.##..
..... #.# #.....##..
#.#. ##.# #.#....#.#
#..# #..# #.#.#..#.#
...# #.## #<#.##.#.#
#..## #.#
#....#)#@###.#.###.# #)#
#.........@......!..
#.#####<..#...†r.....###
#......#.......####..#
######.####...#####.....
#...........).<.####
######...#####..
#........ ...######


You could see Jessica and a rat.

Vanquished Creatures
  A ball python (D:1)
  2 giant cockroaches (D:1)
  2 goblins (D:1)
  3 hobgoblins
  A bat (D:2)
  2 kobolds (D:1)
  A rat (D:1)
12 creatures vanquished.

Notes
Turn   | Place    | Note
-------+----------+-------------------------------------------
     0 | D:1      | Lavandula the Halfling Enchanter began the quest for the
                  | Orb.
     0 | D:1      | Reached XP level 1. HP: 11/11 MP: 3/3
   281 | D:1      | Reached XP level 2. HP: 14/17 MP: 1/4
   336 | D:1      | Learned a level 2 spell: Ensorcelled Hibernation
   903 | D:2      | Noticed Jessica
   913 | D:2      | Killed from afar by Jessica

Vault maps used:
D:1:      wander_arrival_estate, minmay_pentomino_o4
D:2:      nicolae_qazlal_general_emergency, uniq_jessica

Skill      XL: |  1 |
---------------+----+-----
Short Blades   | 2 |  2.9
Dodging        | |  2.1
Stealth        | |  3.2
Spellcasting   | |  1.5
Hexes          | |  2.4

Action                   || total
-------------------------++-------
Melee: Dagger            ||    59
 Cast: Corona            ||    14
       Ensorcelled Hiber ||     4
Armor: Robe              ||     8
Dodge: Dodged            ||    47

Table legend:
 A = Non-vault XP
 B = Vault XP
 C = Vault XP percentage of total XP
 D = Non-vault monster count
 E = Vault monster count
 F = Vault count percentage of total count
                 A         B        C        D         E       F
            +---------+---------+-------+---------+---------+-------
      Total |      19 |       0 |   0.0 |      12 |       0 |   0.0
            +---------+---------+-------+---------+---------+-------
        D:1 |      14 |       0 |   0.0 |       9 |       0 |   0.0
        D:2 |       5 |       0 |   0.0 |       3 |       0 |   0.0
            +---------+---------+-------+---------+---------+-------
